 Dungeon Crawl Stone Soup version 0.24-a0-525-g9231cdcba1 (webtiles) character file.

Game seed: 2373153932493396640

226108 LoneWolf the Severer (level 19, -3/177 HPs)
             Began as a Minotaur Berserker on Aug 1, 2019.
             Was a High Priest of Trog.
             Blown up by an orb spider (39 damage)
             ... with an orb of destruction
             ... on level 4 of the Spider Nest.
             The game lasted 01:45:14 (41771 turns).

LoneWolf the Severer (Minotaur Berserker)          Turns: 41771, Time: 01:45:15

Health: -3/177     AC: 22    Str: 22      XL:     19   Next: 1%
Magic:  6/6        EV: 13    Int:  3 (4)  God:    Trog [*****.]
Gold:   2954       SH: 20    Dex: 18      Spells: 18/18 levels left

rFire    . . .     SeeInvis +   f - +5 broad axe (antimagic)
rCold    . . .     Gourm    .   R - +0 large shield
rNeg     . . .     Faith    .   b - +0 plate armour
rPois    .         Spirit   .   (helmet restricted)
rElec    .         Reflect  .   p - +0 cloak
rCorr    .         Harm     .   Z - +1 pair of gloves
MR       ++...                  t - +0 pair of boots
Stlth    ..........             (no amulet)
HPRegen  0.39/turn              O - ring of see invisible
MPRegen  0.10/turn              m - ring of protection from magic

@: drained, very slow
A: retaliatory headbutt, horns 2
a: Berserk, Trog's Hand, Brothers in Arms, Renounce Religion


You were on level 4 of the Spider Nest.
You worshipped Trog.
Trog was extremely pleased with you.
You were very hungry.

You visited 5 branches of the dungeon, and saw 28 of its levels.
You visited the Abyss 1 time.
You also visited: Volcano.

You collected 2954 gold pieces.

Inventory:

Hand Weapons
 f - a +5 antimagic broad axe (weapon)
 j - a +6 broad axe of venom
 Q - a +2 antimagic executioner's axe
 W - a +1 battleaxe of flaming
Armour
 b - a +0 plate armour (worn)
 p - a +0 cloak (worn)
 t - a +0 pair of boots (worn)
 R - a +0 large shield (worn)
 U - a +3 chain mail of fire resistance
 Z - a +1 pair of gloves (worn)
Jewellery
 a - a +4 ring of protection
 e - an uncursed ring of fire
 m - a ring of protection from magic (right hand)
 r - an uncursed ring of positive energy
 u - a +3 ring of evasion
 D - an uncursed ring of stealth
 O - a ring of see invisible (left hand)
 P - a +2 ring of protection
 X - a +2 ring of intelligence
Wands
 v - a wand of acid (30)
 y - a wand of polymorph (7)
 C - a wand of enslavement (9)
 L - a wand of random effects (61)
 Y - a wand of digging (3)
Scrolls
 d - 16 scrolls of remove curse
 g - 13 scrolls of identify
 h - 5 scrolls of fear
 k - 4 scrolls of blinking
 l - 14 scrolls of teleportation
 n - 10 scrolls of enchant weapon
 q - a scroll of silence
 F - a scroll of fog
 H - 4 scrolls of magic mapping
 K - 2 scrolls of brand weapon
 T - a scroll of enchant armour {unknown}
Potions
 o - 3 potions of curing
 s - 3 potions of lignification
 w - 2 potions of heal wounds
 x - 2 potions of berserk rage
 z - 2 potions of haste
 A - 6 potions of might
 B - 4 potions of cancellation
 E - 3 potions of mutation
 G - 2 potions of flight
 I - 4 potions of resistance
 J - 6 potions of brilliance
 M - a potion of ambrosia
 N - a potion of magic
 S - a potion of agility
 V - a potion of invisibility
Comestibles
 c - 23 rations


   Skills:
 * Level 17.1(16.2) Fighting
 - Level 20.0(19.0) Axes
 + Level 15.8(15.0) Armour
 + Level 14.7(13.9) Dodging
 + Level 14.4(13.6) Shields


You had 18 spell levels left.
You didn't know any spells.
Your spell library was empty.

Dungeon Overview and Level Annotations

Branches:
Dungeon (15/15)            Temple (1/1) D:4            Lair (6/6) D:11
 Shoals (0/4) Lair:4       Spider (4/4) Lair:3        Slime (0/5) Lair:6
    Orc (2/2) D:11            Elf (0/3) Orc:2        Vaults (0/5) D:14
 Depths (0/5) D:15

Altars:
Ashenzari
Cheibriados
Dithmenos
Elyvilon
Fedhas
Gozag
Hepliaklqana
Kikubaaqudgha
Makhleb
Nemelex Xobeh
Okawaru
Qazlal
Ru
Sif Muna
Trog
Uskayaw
Vehumet
Wu Jian
Xom
Yredelemnul
Zin
The Shining One
Beogh
Jiyva

Shops:
D:9 :   D:15 *   Orc:1 ?   Orc:2 !((?

Annotations:
Lair:5 exclusion: 4 oklob plants
Lair:6 1 runed translucent door, exclusion: oklob plant


Innate Abilities, Weirdness & Mutations

You reflexively headbutt those who attack you in melee.
You have a pair of horns on your head.


Message History

The orb spider spins a strand of pure energy.
The orb spider weaves a glowing orb of energy.
An orb of destruction comes into view.
You feel less wooden.
Your +0 cloak unmelds from your body.
Your +1 pair of gloves unmelds from your body.
Your +0 pair of boots unmelds from your body.
Your +0 plate armour unmelds from your body.
You block the orb of destruction.
The orb of destruction dissipates.
The orb spider weaves a glowing orb of energy.
An orb of destruction comes into view.
The orb spider spins a strand of pure energy.
The orb spider pulsates with a strange energy.
You enter the shallow water.
Moving in this stuff is going to be slow.
The orb spider weaves a glowing orb of energy. x2 2 orbs of destruction come into view.
The orbs collide in a blinding explosion!
The orb of destruction hits you!!!
You die...

##########################
..#.^!...s○○.....#.....≈≈≈≈# #
............○≈@≈.^...≈≈≈#≈≈# ##
......^..≈#○○≈≈≈≈≈≈≈≈≈≈≈≈..###^
......#.≈°s≈≈≈#≈≈≈≈≈≈#.....##..
≈.......≈≈≈≈≈≈≈≈≈†.........##..
#≈.########†≈≈≈≈######^...^##..
≈≈ #...≈≈≈≈≈≈≈#≈≈≈...##....##..
≈ #....≈≈#≈≈≈#≈≈..#.#.....##..
#.#...≈≈≈.≈#≈.....#..#.≈##..
#.....##≈..#≈.....#...≈≈##..


You could see 2 orb spiders.

Vanquished Creatures
  Bai Suzhen (Spider:3)
  Jorgrun (D:14)
  A frost giant (D:15)
  3 ghost moths
  Louise (D:14)
  2 emperor scorpions
  An orc warlord (Orc:2)
  An entropy weaver (Spider:3)
  A stone giant (Volcano)
  The ghost of Peloso the Fencer, a journeyman MiFi of Okawaru (D:13)
  2 spark wasps (Spider:4)
  An ettin (Orc:1)
  Snorg (Lair:4)
  8 vault guards (D:14)
  7 hydras
  Erolcha (Orc:2)
  5 centaur warriors
  2 catoblepae
  17 two-headed ogres
  3 ogre magi
  2 tengu warriors
  2 death knights
  A thrashing horror (Abyss:1)
  Urug (Lair:2)
  An orc high priest (Orc:2)
  Sonja (Lair:4)
  A skeletal warrior (D:13)
  5 unseen horrors
  2 deep trolls
  A wizard (D:15)
  2 orc knights
  A spectral wolf spider (Spider:4)
  2 phantasmal warriors
  A deep elf mage (D:15)
  A wolf spider zombie (D:13)
  6 orb spiders
  29 wolf spiders
  7 orc sorcerers
  8 ugly things
  3 cyclopes
  2 moths of wrath (Spider:4)
  An elephant (Lair:5)
  2 manticores (D:15)
  2 merfolk sirens (Lair:4)
  Maurice (D:10)
  A centaur zombie (D:15)
  A black mamba (Lair:2)
  2 gargoyles
  5 torpor snails
  28 spiny frogs
  A freezing wraith (D:13)
  2 kobold demonologists (D:11)
  A redback zombie (Spider:4)
  A rime drake (Lair:5)
  An efreet (Volcano)
  A yaktaur (D:15)
  A spectral redback (Spider:4)
  7 komodo dragons
  13 demonic crawlers
  A tengu conjurer (D:15)
  36 jumping spiders
  17 trolls
  A meliai (D:8)
  A tarantella zombie (Spider:4)
  5 tyrant leeches (Lair:6)
  2 spectral jumping spiders (Spider:4)
  2 merfolk (Lair:4)
  10 hornets
  A spectral tarantella (Spider:4)
  2 slime creatures (D:12)
  18 blink frogs
  6 hippogriffs
  40 redbacks
  A shadow (D:15)
  19 tarantellas
  2 wyverns
  A centaur simulacrum (D:14)
  3 wraiths
  8 basilisks
  50 yaks
  A chaos spawn (Abyss:1)
  2 fire elementals (Volcano)
  2 hungry ghosts
  9 vampire mosquitoes
  8 wargs
  2 acid dragons
  A soldier ant (D:11)
  Edmund (D:6)
  8 porcupines
  19 water moccasins
  3 ice beasts
  6 sky beasts
  19 orc warriors
  A meliai simulacrum (D:15)
  8 wolves (Lair:5)
  2 necrophages
  3 phantoms
  2 black bears
  3 eyes of draining
  30 ogres
  7 centaurs
  13 crocodiles
  2 big kobolds
  A wyvern zombie (D:8)
  34 bullfrogs
  An earth elemental (Volcano)
  8 scorpions
  A water moccasin skeleton (D:4)
  11 killer bees
  7 wights (D:7)
  5 electric eels
  2 howler monkeys
  10 crimson imps
  2 lava snakes (D:14)
  A bullfrog zombie (D:13)
  3 hounds
  4 quasits
  4 bullfrog skeletons
  18 orc priests
  23 orc wizards
  2 centaur skeletons
  Terence (D:2)
  6 iguanas
  11 worker ants
  2 hound skeletons
  3 worker ant zombies
  2 howler monkey skeletons
  16 adders
  11 gnolls
  8 shadow imps
  3 oozes
  2 adder skeletons
  An adder zombie (D:8)
  3 worms
  3 dart slugs
  2 leopard geckos (D:1)
  91 orcs
  8 giant cockroaches
  6 goblins
  7 hobgoblins
  8 jackals
  5 quokkas
  4 ball pythons
  5 bats
  9 frilled lizards
  22 kobolds
  A leopard gecko skeleton (D:6)
  A quokka zombie (D:7)
  7 rats
  2 rat zombies (D:8)
  A fire vortex (D:14)
  2 fungi (Lair:6)
  23 plants
1001 creatures vanquished.

Vanquished Creatures (others)
  2 jumping spiders
  4 fungi
  41 plants
47 creatures vanquished.

Grand Total: 1048 creatures vanquished

Notes
Turn   | Place    | Note
-------+----------+-------------------------------------------
     0 | D:1      | LoneWolf the Minotaur Berserker began the quest for the
                  | Orb.
     0 | D:1      | Reached XP level 1. HP: 19/19 MP: 0/0
   174 | D:1      | Reached XP level 2. HP: 26/27 MP: 1/1
   205 | D:1      | Reached skill level 4 in Axes
   567 | D:1      | Reached XP level 3. HP: 33/33 MP: 2/2
   619 | D:1      | Reached ** piety under Trog
  1312 | D:2      | Reached XP level 4. HP: 40/40 MP: 3/3
  1632 | D:2      | Noticed Terence
  1633 | D:2      | Reached skill level 5 in Axes
  1828 | D:2      | Killed Terence
  1828 | D:2      | Reached XP level 5. HP: 47/47 MP: 4/4
  2269 | D:2      | Found a hazy altar of Hepliaklqana.
  2380 | D:2      | Found a deep blue altar of Sif Muna.
  2392 | D:2      | Found a blossoming altar of Fedhas.
  2430 | D:2      | Found a shimmering altar of Xom.
  3428 | D:3      | Found a faded altar of an unknown god.
  3444 | D:3      | Reached XP level 6. HP: 31/55 MP: 5/5
  3448 | D:3      | Reached *** piety under Trog
  3448 | D:3      | Reached skill level 6 in Axes
  3853 | D:3      | Reached skill level 5 in Fighting
  4477 | D:4      | Found a sparkling altar of Nemelex Xobeh.
  4602 | D:4      | Reached XP level 7. HP: 53/61 MP: 6/6
  4709 | D:4      | Found a staircase to the Ecumenical Temple.
  4739 | Temple   | Entered the Ecumenical Temple
  4896 | D:4      | Reached skill level 7 in Axes
  4985 | D:5      | Entered Level 5 of the Dungeon
  5001 | D:5      | Reached skill level 5 in Armour
  5506 | D:5      | Reached XP level 8. HP: 70/70 MP: 7/7
  5507 | D:5      | Reached **** piety under Trog
  5507 | D:5      | Reached skill level 8 in Axes
  5577 | D:5      | Found a shadowy altar of Dithmenos.
  5577 | D:5      | Found an ornate altar of the Wu Jian Council.
  5680 | D:5      | Reached skill level 5 in Dodging
  6386 | D:6      | Found a snail-covered altar of Cheibriados.
  6397 | D:6      | Reached skill level 9 in Axes
  6457 | D:6      | Noticed Edmund
  6466 | D:6      | Killed Edmund
  7001 | D:7      | Reached XP level 9. HP: 79/79 MP: 8/8
  7060 | D:7      | Reached skill level 10 in Axes
  7627 | D:7      | Found a burning altar of Makhleb.
  7982 | D:7      | Reached ***** piety under Trog
  8264 | D:7      | Reached skill level 11 in Axes
  8615 | D:8      | Found a shattered altar of Ashenzari.
  8738 | D:8      | Reached XP level 10. HP: 72/90 MP: 9/9
  8922 | D:8      | Found a white marble altar of Elyvilon.
  8941 | D:8      | Noticed a catoblepas
  8950 | D:8      | Noticed a centaur warrior
  8952 | D:8      | Reached skill level 1 in Shields
  8960 | D:8      | Killed a catoblepas
  8962 | D:8      | Killed a centaur warrior
  8962 | D:8      | Reached skill level 12 in Axes
  9544 | D:8      | Found an ancient bone altar of Kikubaaqudgha.
 10144 | D:9      | Found Xuupai's Book Shop.
 10505 | D:9      | Reached XP level 11. HP: 99/99 MP: 10/10
 10817 | D:10     | Entered Level 10 of the Dungeon
 10920 | D:10     | Killed an unseen horror
 10956 | D:10     | Reached skill level 13 in Axes
 11000 | D:10     | Reached skill level 10 in Fighting
 11045 | D:10     | Reached skill level 5 in Shields
 11211 | D:10     | Noticed Maurice
 11222 | D:10     | Killed Maurice
 11280 | D:10     | You fall into a shaft and drop 3 floors!
 11394 | D:13     | Received a gift from Trog
 11612 | D:12     | Noticed a two-headed ogre
 11617 | D:12     | Killed a two-headed ogre
 11617 | D:12     | Reached skill level 10 in Armour
 11807 | D:12     | Noticed a white ugly thing
 11816 | D:12     | Killed a white ugly thing
 12189 | D:12     | Noticed a seven-headed hydra
 12202 | D:12     | Noticed a two-headed ogre
 12216 | D:12     | Killed an 11-headed hydra
 12216 | D:12     | Reached skill level 14 in Axes
 12224 | D:12     | Killed a two-headed ogre
 12224 | D:12     | Reached XP level 12. HP: 108/108 MP: 3/11
 12685 | D:12     | Noticed a two-headed ogre
 12696 | D:12     | Killed a two-headed ogre
 12803 | D:11     | Noticed a two-headed ogre
 12813 | D:11     | Killed a two-headed ogre
 13754 | D:11     | Found a staircase to the Lair.
 13871 | D:11     | Reached skill level 10 in Dodging
 14055 | D:11     | Found a staircase to the Orcish Mines.
 15417 | D:13     | Received a gift from Trog
 15512 | D:14     | Reached skill level 15 in Axes
 15584 | D:14     | Noticed a centaur warrior
 15602 | D:14     | Noticed a tengu warrior
 15604 | D:14     | Killed a centaur warrior
 15615 | D:14     | Killed a tengu warrior
 15908 | D:14     | Noticed a catoblepas
 15938 | D:14     | Killed a catoblepas
 16051 | D:14     | Noticed a vault guard
 16051 | D:14     | Noticed a vault guard
 16051 | D:14     | Noticed a vault guard
 16051 | D:14     | Noticed a vault guard
 16064 | D:14     | Noticed a vault guard
 16067 | D:14     | Noticed a vault guard
 16459 | Lair:1   | Entered Level 1 of the Lair of Beasts
 16949 | Lair:1   | Noticed a four-headed hydra
 16951 | Lair:1   | Reached XP level 13. HP: 117/117 MP: 4/12
 18213 | Lair:2   | Noticed Urug
 18569 | Lair:2   | Killed Urug
 19500 | Lair:3   | Reached skill level 16 in Axes
 19609 | Lair:3   | Found a hole to the Spider Nest.
 20071 | Lair:4   | Noticed Snorg
 20087 | Lair:4   | Killed Snorg
 20140 | Lair:4   | Found a dark tunnel.
 20153 | Volcano  | Entered a volcano
 20254 | Volcano  | Noticed a stone giant
 20272 | Volcano  | Killed a stone giant
 20435 | Volcano  | Got an ichor-stained falchion
 20598 | Lair:4   | Found a staircase to the Shoals.
 21242 | Lair:4   | Noticed Sonja
 21248 | Lair:4   | Paralysed by Sonja for 7 turns
 21392 | Lair:4   | Killed Sonja
 23008 | Lair:6   | Entered Level 6 of the Lair of Beasts
 23038 | Lair:6   | Reached XP level 14. HP: 108/127 MP: 4/13
 23623 | Lair:6   | Reached skill level 10 in Shields
 23638 | Lair:6   | Reached skill level 17 in Axes
 25866 | Lair:6   | Received a gift from Trog
 26231 | Lair:6   | Found a runed translucent door.
 26231 | Lair:6   | Found a viscous altar of Jiyva.
 26235 | Lair:6   | Found a staircase to the Slime Pits.
 26813 | D:14     | Noticed Louise
 26840 | D:14     | Killed Louise
 27270 | D:14     | Reached skill level 18 in Axes
 27400 | D:14     | Found a gate to the Vaults.
 28053 | D:14     | Reached XP level 15. HP: 135/137 MP: 4/14
 28159 | D:15     | Entered Level 15 of the Dungeon
 28189 | D:15     | Noticed Jorgrun
 28820 | D:14     | Killed Jorgrun
 29237 | D:13     | Found a runed translucent gate.
 29238 | D:13     | Found a runed translucent gate.
 29239 | D:13     | Found a runed translucent gate.
 29240 | D:13     | Noticed Peloso's ghost (journeyman MiFi)
 29240 | D:13     | Identified the +3 plate armour of the Unbroken {rF+}
 29241 | D:13     | Found a roughly hewn altar of Beogh.
 29279 | D:13     | Killed Peloso's ghost
 29292 | D:13     | Received a gift from Trog
 30167 | D:15     | Found Gigoas's General Store.
 30470 | D:15     | Found a staircase to the Depths.
 30470 | D:15     | Noticed a frost giant
 30477 | D:15     | Killed a frost giant
 30953 | Orc:1    | Entered Level 1 of the Orcish Mines
 30978 | Orc:1    | Paralysed by fainting for 8 turns
 31115 | Orc:1    | Found Qebyiwkul's Magic Scroll Boutique.
 31478 | Orc:2    | Entered Level 2 of the Orcish Mines
 31483 | Orc:2    | Noticed Erolcha
 31778 | Orc:1    | Reached skill level 19 in Axes
 31895 | Orc:2    | Cast into level 1 of the Abyss (Erolcha)
 32030 | Orc:2    | Escaped the Abyss
 32609 | Orc:2    | Received a gift from Trog
 32624 | Orc:2    | Killed Erolcha
 32792 | Orc:2    | Found Kifo's Magic Scroll Shoppe.
 32794 | Orc:2    | Found Itate Oge's Antique Weapon Emporium.
 32794 | Orc:2    | Found Kacsiom's Distillery.
 32794 | Orc:2    | Found Luac's Antique Weapon Emporium.
 32814 | Orc:2    | Noticed an orc warlord
 33072 | Orc:2    | Killed an orc warlord
 33072 | Orc:2    | Reached XP level 16. HP: 147/147 MP: 5/15
 33260 | Orc:2    | Found a radiant altar of Vehumet.
 33276 | Orc:2    | Found a staircase to the Elven Halls.
 34061 | Spider:1 | Entered Level 1 of the Spider Nest
 34071 | Spider:1 | Reached ****** piety under Trog
 34567 | Spider:1 | Received a gift from Trog
 35055 | Spider:1 | Reached skill level 15 in Fighting
 35055 | Spider:1 | Reached skill level 20 in Axes
 35055 | Spider:1 | Reached XP level 17. HP: 156/156 MP: 5/16
 35056 | Spider:1 | Reached XP level 18. HP: 163/163 MP: 5/17
 35465 | Spider:2 | Reached skill level 15 in Armour
 37142 | Spider:3 | Noticed Bai Suzhen
 37942 | Spider:3 | Killed Bai Suzhen
 37963 | Spider:3 | Received a gift from Trog
 38749 | Spider:4 | Entered Level 4 of the Spider Nest
 40618 | Spider:4 | Received a gift from Trog
 41678 | Spider:4 | Reached XP level 19. HP: 147/177 MP: 6/18
 41771 | Spider:4 | Blown up by an orb spider

Levels and vault maps discovered:
D:1:      minmay_arrival_arboretum_small, layout_loops_ring
D:2:      layout_rooms, nicolae_overflow_hidden_temple, marbit_many_paths,
          minitemple, minmay_tiny_reverse_x, uniq_terence
D:3:      layout_loops_cross, chequers_ecumenical_altar_island
D:4:      layout_rooms, kennysheep_mini, minmay_temple_entry_overgrown,
          first_ration
D:5:      layout_basic, gammafunk_temple_overflow_wave
D:6:      layout_cave_pools, overflow_temple_1_default, uniq_edmund
D:7:      layout_layer_cave, nicolae_overflow_crystal_walls, grunt_ogre_cave
D:8:      minmay_bloctagon, layout_basic, lemuel_crystal_altar,
          lemuel_zombie_altar_kikubaaqudgha, old_standard_altar,
          minmay_tree_intersection
D:9:      argonaut_augean_stables, layout_irregular_city, serial_shops,
          nicolae_shop_behind_doors, grunt_decor_mini_mirrors
D:10:     layout_basic, uniq_maurice
D:11:     layout_gridville, grunt_lair_entry_orc_guard_hut, david_orc_1_choice
D:12:     layout_rooms
D:13:     layout_basic, biasface_ghost_orc_armoury
D:14:     layout_basic, erik_vaults_2, kennysheep_boxes, uniq_louise
D:15:     grunt_enter_depths_snipers, layout_loops_cross,
          minmay_misc_feat_ornament, serial_shops, shop, uniq_jorgrun
Temple:   cyrus_temple_forest
Lair:1:   wad_woods_structure_01, layout_regular_city
Lair:2:   layout_hall_layers, uniq_urug
Lair:3:   layout_cave_pods, spider_nest_entry_rubble, beast_lair_carwin_5
Lair:4:   layout_hall_layers, elwin_shoals_entry_stream,
          nicolae_volcano_entry_lava_flow, uniq_sonja, uniq_snorg
Lair:5:   layout_cave_pods, beast_lair_carwin_4, infiniplex_staircase_pool,
          serial_bayou_shore_a, minmay_lair_oklob_chamber
Lair:6:   minmay_lair_end_frog_pond, layout_gridlike, slime_altar_2,
          minmay_lair_oklob_items, st_stairs_4
Spider:1: layout_spider_delve
Spider:2: layout_spider_delve
Spider:3: layout_spider_delve, uniq_bai_suzhen
Spider:4: floodkiller_spider_rune_tomb
Orc:1:    layout_diamond_mine, serial_shops, nicolae_shop_stone
Orc:2:    st_orc_open, layout_caves, basic_altar, uniq_erolcha

Skill      XL: |  1  2  3  4  5  6  7  8  9 10 11 12 13 14 15 16 17 18 |
---------------+-------------------------------------------------------+-----
Axes           | 4 5 6 7 9 11 12 14 15 16 18 19 20 | 20.0
Fighting       | 4 5 6 7 8 9 10 11 12 13 14 15 17 | 17.1
Armour         | 3 4 5 6 8 9 10 11 12 13 14 15 | 15.8
Dodging        | 3 4 6 7 8 9 10 11 12 13 14 | 14.7
Shields        | 4 6 8 9 11 12 13 14 | 14.4

Action                   |  1- 3 |  4- 6 |  7- 9 | 10-12 | 13-15 | 16-18 | 19-21 || total
-------------------------+-------+-------+-------+-------+-------+-------+-------++-------
Melee: Hand axe          |    70 |    77 |       |       |       |       |       ||   147
       Headbutt          |    11 |    24 |    72 |   161 |   361 |   197 |     4 ||   830
       War axe           |       |    77 |   275 |   291 |       |       |       ||   643
       Battleaxe         |       |       |    33 |       |    27 |       |       ||    60
       Broad axe         |       |       |       |   385 |  1363 |   676 |    18 ||  2442
Invok: Berserk           |       |     4 |     2 |     8 |    21 |     7 |       ||    42
       Trog's Hand       |       |       |     1 |     3 |    12 |       |       ||    16
  Use: Scroll            |       |     1 |    12 |     4 |    20 |     4 |       ||    41
       Potion            |       |       |       |     1 |     4 |     7 |     3 ||    15
 Stab: Sleeping          |     1 |       |       |       |       |       |       ||     1
       Petrified         |       |       |       |     2 |       |       |       ||     2
  Eat: Chunk             |     1 |     5 |    15 |    24 |    42 |    13 |       ||   100
       Ration            |       |     3 |       |     4 |    10 |     6 |       ||    23
Armor: Animal skin       |    13 |    31 |     4 |       |       |       |       ||    48
       Scale mail        |       |       |    63 |       |       |       |       ||    63
       Chain mail        |       |       |    80 |   140 |       |       |       ||   220
       Plate armour      |       |       |       |   315 |   600 |   391 |     2 ||  1308
       Skin              |       |       |       |       |       |    28 |     4 ||    32
Dodge: Dodged            |    37 |   133 |   263 |   309 |   562 |   400 |     4 ||  1708
Block: Buckler           |       |       |       |   183 |   220 |       |       ||   403
       Shield            |       |       |       |       |    25 |       |       ||    25
       Large shield      |       |       |       |       |   426 |   948 |    23 ||  1397

Table legend:
 A = Non-vault XP
 B = Vault XP
 C = Vault XP percentage of total XP
 D = Non-vault monster count
 E = Vault monster count
 F = Vault count percentage of total count
                 A         B        C        D         E       F
            +---------+---------+-------+---------+---------+-------
      Total |  143144 |   91458 |  39.0 |     733 |     244 |  25.0
            +---------+---------+-------+---------+---------+-------
        D:1 |      64 |       0 |   0.0 |      29 |       0 |   0.0
        D:2 |     131 |      64 |  32.8 |      31 |       4 |  11.4
        D:3 |     220 |       0 |   0.0 |      22 |       0 |   0.0
        D:4 |     411 |       0 |   0.0 |      22 |       0 |   0.0
        D:5 |     724 |       0 |   0.0 |      19 |       0 |   0.0
        D:6 |     760 |     149 |  16.4 |      31 |       1 |   3.1
        D:7 |    2141 |     116 |   5.1 |      42 |       1 |   2.3
        D:8 |    1079 |    2773 |  72.0 |      16 |      17 |  51.5
        D:9 |     643 |    2638 |  80.4 |       9 |      13 |  59.1
       D:10 |    3312 |     689 |  17.2 |      27 |       2 |   6.9
       D:11 |    3348 |    1208 |  26.5 |      19 |      13 |  40.6
       D:12 |    8298 |       0 |   0.0 |      28 |       0 |   0.0
       D:13 |    7757 |    2169 |  21.9 |      52 |      13 |  20.0
       D:14 |   16460 |   12445 |  43.1 |      44 |      10 |  18.5
       D:15 |   11375 |    3023 |  21.0 |      23 |       3 |  11.5
     Lair:1 |    4976 |     886 |  15.1 |      20 |       4 |  16.7
     Lair:2 |    2123 |     831 |  28.1 |      10 |       1 |   9.1
     Lair:3 |    2060 |    1410 |  40.6 |       9 |       7 |  43.8
     Lair:4 |    3822 |    3435 |  47.3 |      15 |       6 |  28.6
     Lair:5 |    3457 |    4150 |  54.6 |      17 |      17 |  50.0
     Lair:6 |    3772 |   13204 |  77.8 |      16 |      48 |  75.0
   Spider:1 |    9304 |       0 |   0.0 |      24 |       0 |   0.0
   Spider:2 |    9065 |       0 |   0.0 |      31 |       0 |   0.0
   Spider:3 |   21791 |    5754 |  20.9 |      54 |       2 |   3.6
   Spider:4 |   10564 |   17356 |  62.2 |      27 |      38 |  58.5
      Orc:1 |    8123 |    8617 |  51.5 |      64 |      20 |  23.8
      Orc:2 |    6285 |    7931 |  55.8 |      29 |      18 |  38.3
    Abyss:1 |    1079 |       0 |   0.0 |       3 |       0 |   0.0
    Volcano |       0 |    2610 | 100.0 |       0 |       6 | 100.0
            +---------+---------+-------+---------+---------+-------
